 Dungeon Crawl Stone Soup version 0.15-a0-2374-gaadabb3 (webtiles) character file.

865 Ololoev the Quickloader (level 7, -5/52 HPs)
             Began as a Centaur Hunter on Aug 1, 2014.
             Was an Initiate of Okawaru.
             Slain by an orc warrior
             ... wielding a +0 long sword
              (17 damage)
             ... on Level 6 of the Dungeon.
             The game lasted 00:19:39 (7367 turns).

Ololoev the Quickloader (Centaur Hunter)            Turns: 7367, Time: 00:19:39

HP  -5/52        AC  8     Str 15      XL: 7   Next: 72%
MP   5/5         EV  3     Int 10      God: Okawaru [......]
Gold 211         SH  0     Dex 11      Spells:  0 memorised,  6 levels left

rFire  . . .     SeeInvis .     b - +1 hand crossbow
rCold  . . .     Clarity  .     w - +0 chain mail
rNeg   . . .     rCorr    .     (no shield)
rPois  +         rRot     .     (no helmet)
rElec  .         Spirit   .     k - +0 cloak
SustAb .         Warding  .     (no gloves)
rMut   .         Stasis   .     (no barding)
Gourm  .                        (no amulet)
MR     +....                    r - ring of poison resistance
                                e - ring of protection from magic

@: very quick, somewhat resistant to hostile enchantments, extremely unstealthy
A: hooves 3, deformed body, speed 2, spit poison 1, tough skin 3
a: Spit Poison, Renounce Religion


You were on level 6 of the Dungeon.
You worshipped Okawaru.
Okawaru was noncommittal.
You were not hungry.

You visited 1 branch of the dungeon, and saw 6 of its levels.

You collected 211 gold pieces.

Inventory:

Hand weapons
 b - a +1 hand crossbow (weapon)
 t - a +1 short sword of electrocution
Missiles
 c - 44 bolts (quivered)
Armour
 k - a +0 cloak (worn)
 w - a +0 chain mail (worn)
Magical devices
 j - a wand of frost (0)
Comestibles
 a - a meat ration
 f - 5 bread rations
 i - 4 royal jellies
 s - a chunk of kobold flesh
Scrolls
 g - 3 scrolls of remove curse
 m - a scroll of recharging {unknown}
 n - a scroll of silence {unknown}
 o - a scroll of fear {unknown}
 q - 2 scrolls of enchant armour {unknown}
 v - a scroll of enchant weapon {unknown}
 x - a scroll of immolation {unknown}
 C - 3 scrolls of random uselessness {unknown}
 D - 2 scrolls of fog {unknown}
Jewellery
 e - a ring of protection from magic (left hand)
 l - an uncursed ring of wizardry
 r - a ring of poison resistance (right hand)
Potions
 d - a potion of porridge
 h - a potion of brilliance {unknown}
 p - 4 potions of curing
 u - a potion of restore abilities
 z - a potion of heal wounds {unknown}
 A - a potion of cancellation {unknown}
 B - a potion of haste {unknown}
 G - a potion of agility {unknown}


   Skills:
 - Level 1.0 Fighting
 * Level 10.5 Crossbows
 - Level 1.3 Dodging
 - Level 0.5 Stealth


You had 6 spell levels left.
You didn't know any spells.

Dungeon Overview and Level Annotations

Branches:
Dungeon (6/15)
 Temple: D:4-7

Altars:
Kikubaaqudgha
Okawaru
Yredelemnul


Innate Abilities, Weirdness & Mutations

You have hooves in place of feet.
Armour fits poorly on your strangely shaped body.
You cover ground very quickly.
You have extremely tough skin (AC +3).
You can spit poison.


Message History

The orc warrior hits you but does no damage.
Firing (i - inventory):
c - 47 bolts (quivered)
Press: ? - help, Shift-Dir - straight line, f/p - orc warrior
Aim: an orc warrior, wielding a long sword and wearing a chain mail (almost dead)
You shoot a bolt. The bolt hits the orc warrior.
The orc warrior is almost dead.
The orc warrior hits you with a long sword!!
* * * LOW HITPOINT WARNING * * *
Firing (i - inventory):
c - 46 bolts (quivered)
Press: ? - help, Shift-Dir - straight line, f/p - orc warrior
Aim: an orc warrior, wielding a long sword and wearing a chain mail (almost dead)
You shoot a bolt. The bolt hits the orc warrior.
The orc warrior is almost dead.
You hear the rapid hiss of an avalanche of sand, a long way away.
Firing (i - inventory):
c - 45 bolts (quivered)
Press: ? - help, Shift-Dir - straight line, f/p - orc warrior
Aim: an orc warrior, wielding a long sword and wearing a chain mail (almost dead)
You shoot a bolt. The bolt barely misses the orc warrior.
The orc warrior hits you with a long sword!
You die...

#.................
#..................
#..................
#......(...........
#..................
#.........<........
#(.................
#...)..............
#.@o(.....(........
#.........(......(.
#.[...........(....
#..................
#..)...............
#..................
#..................
##########..≈....#
#..≈⌠≈..


You could see an orc warrior.

Vanquished Creatures
  An orc warrior (D:4)
  A centaur (D:6)
  Duvessa (D:4)
  Dowan (D:5)
  4 orc priests (D:4)
  3 orc wizards
  A hound (D:5)
  3 worker ants (D:4)
  11 adders
  6 gnolls
  An inept feature mimic (D:4)
  2 worms
  3 giant geckos
  2 oozes
  9 orcs
  2 bat skeletons (D:4)
  6 giant cockroaches
  11 hobgoblins
  4 jackals
  16 kobolds
  3 quokkas
  8 bats
  A giant newt (D:2)
  8 goblins
  A hobgoblin zombie (D:4)
  8 rats
117 creatures vanquished.

Vanquished Creatures (collateral kills)
  A rat (D:3)
1 creature vanquished.

Grand Total: 118 creatures vanquished

Notes
Turn   | Place    | Note
--------------------------------------------------------------
     0 | D:1      | Ololoev, the Centaur Hunter, began the quest for the Orb.
     0 | D:1      | Reached XP level 1. HP: 16/16 MP: 1/1
   380 | D:1      | Reached XP level 2. HP: 14/23 MP: 2/2
   443 | D:1      | Reached skill level 5 in Crossbows
   930 | D:2      | Reached XP level 3. HP: 15/28 MP: 3/3
  1954 | D:1      | Reached skill level 6 in Crossbows
  1972 | D:1      | Reached XP level 4. HP: 15/35 MP: 3/3
  3115 | D:3      | Reached XP level 5. HP: 37/40 MP: 4/4
  3131 | D:3      | Reached skill level 7 in Crossbows
  3852 | D:4      | Noticed an orc warrior
  4119 | D:4      | Reached skill level 8 in Crossbows
  4119 | D:4      | Reached XP level 6. HP: 22/47 MP: 5/5
  5413 | D:4      | Reached skill level 9 in Crossbows
  5504 | D:4      | Killed an orc warrior
  5504 | D:4      | Reached XP level 7. HP: 46/52 MP: 5/5
  5913 | D:5      | Entered Level 5 of the Dungeon
  5919 | D:5      | Gained mutation: You can spit poison. [potion of beneficial mutation]
  5999 | D:5      | Found a basalt altar of Yredelemnul.
  6003 | D:5      | Found an ancient bone altar of Kikubaaqudgha.
  6003 | D:5      | Found an iron altar of Okawaru.
  6011 | D:5      | Became a worshipper of Warmaster Okawaru
  6052 | D:5      | Noticed Duvessa
  6054 | D:5      | Noticed Dowan
  6095 | D:5      | Killed Dowan
  6463 | D:4      | Killed Duvessa
  6463 | D:4      | Reached skill level 10 in Crossbows
  7367 | D:6      | Slain by an orc warrior

Action                   |  1- 3 |  4- 6 |  7- 9 || total
-------------------------+-------+-------+-------++-------
Melee: Short sword       |   112 |   183 |    54 ||   349
 Fire: Hand crossbow     |     9 |    43 |    49 ||   101
Evoke: Wand              |       |     3 |       ||     3
  Use: Scroll            |       |     3 |     6 ||     9
       Potion            |       |       |     1 ||     1
  Eat: Meat ration       |     1 |       |       ||     1
       Chunk             |       |     4 |     3 ||     7
       Royal jelly       |       |     1 |       ||     1
       Beef jerky        |       |     1 |       ||     1
       Pizza             |       |       |     1 ||     1
